Map: Ulrena

Players

capac - Winner!

  • Race: Terran Terran
  • League: Gold

ARTist

  • Race: Terran Terran
  • League: Gold

VOD

Have the link to the VOD?

Description

Time

  • Played on: May 2, 2016, 3:51 p.m.
  • Length: 14:45
Show
View Real Time Build Order
Export as new Build Order

capac Terran - Winner!

Build Orders: Reaper Expand, MMM Bio 

Get SALT Encoding   

  12  0:01  SCV  
  13  0:13  SCV  
  14  0:18  Supply Depot  
  14  0:25  SCV  
  15  0:39  SCV  
  15  0:40  Barracks  
  16  0:44  Refinery  
  16  0:51  SCV  
  17  1:04  SCV  
  18  1:16  SCV  
  19  1:27  Reaper  
  19  1:46  Command Center  
  19  1:49  Orbital Command  
  19  2:02  Marine  
  20  2:09  Factory  
  20  2:10  Supply Depot  
  20  2:13  Refinery  
  20  2:16  SCV  
  21  2:38  Barracks  
  21  2:39  SCV  
  21  2:40  Barracks Reactor  
  23  2:51  SCV  
  23  2:59  Factory Tech Lab  
  23  3:05  Orbital Command  
  23  3:06  Bunker  
  23  3:07  SCV  
  24  3:18  Marine  
  24  3:19  Starport  
  25  3:21  Marine  
  25  3:25  SCV  
  27  3:29  Barracks Tech Lab  
  27  3:41  Marine  
  27  3:42  Marine  
  27  3:43  SCV  
  27  3:48  SCV  
  31  3:53  Siege Tank  
  31  3:55  Marine  
  35  3:57  Medivac  
  35  4:01  SCV  
  35  4:02  SCV  
  39  4:06  Supply Depot  
  39  4:16  Engineering Bay  
  39  4:23  SCV x2  
  41  4:33  Siege Tank  
  41  4:35  Marine x3  
  47  4:39  Starport Reactor  
  47  4:44  Supply Depot, Stimpack  
  47  4:49  SCV  
  47  4:50  SCV  
  47  4:52  Missile Turret  
  49  4:56  Marine x3  
  52  5:05  Siege Tank  
  55  5:09  SCV x2  
  57  5:16  Supply Depot  
  57  5:17  Missile Turret  
  57  5:22  Marine x3  
  57  5:25  SCV x2  
  62  5:38  Medivac x2  
  62  5:39  Supply Depot  
  66  5:52  SCV  
  66  5:53  Marine x3, SCV  
  71  6:00  Refinery  
  70  6:07  Viking x2  
  73  6:18  Missile Turret  
  71  6:33  SCV x2  
  72  7:05  Marine x3  
  75  7:11  SCV x2  
  75  7:13  Siege Tank  
  80  7:19  Refinery  
  80  7:23  Marine  
  80  7:27  SCV x2  
  80  7:28  Marine x2  
  85  7:36  Missile Turret  
  85  7:40  Viking x2, Marine  
  90  7:46  Barracks  
  90  7:50  Barracks  
  90  7:51  SCV x2  
  92  8:04  Marine x2  
  94  8:11  Marine, Siege Tank  
  98  8:13  Supply Depot x2  
  98  8:18  SCV x2  
  100  8:21  Combat Shields  
  100  8:37  Supply Depot  
  100  8:40  Barracks Reactor  
  100  8:41  Barracks Reactor  
  100  8:43  Siege Tank  
  100  8:44  Missile Turret  
  100  8:45  Viking, Starport  
  105  8:49  Viking  
  105  8:51  Marine x2  
  109  9:11  Supply Depot  
  109  9:12  Command Center  
  109  9:17  Siege Tank  
  112  9:29  Medivac x2  
  116  9:34  Marine  
  116  9:35  Marine x5  
  116  9:36  Marine  
  123  9:53  Starport Reactor  
  123  9:55  Armory  
  123  9:58  Starport  
  123  10:05  Medivac x2  
  127  10:31  Starport  
  127  10:33  Viking x2  
  131  10:35  Starport Reactor  
  123  11:29  Marine x5  
  123  11:30  Marine x2  
  125  11:47  Marine x4  
  121  11:56  Marine  
  121  11:57  Marine x2  
  121  11:59  Viking  
  121  12:00  Viking x4  
  134  12:04  Marine x2  
  134  12:05  Marine  
  136  12:33  Marine x6  
  136  12:34  Marine  
  136  12:35  Medivac x2  
  136  12:36  Medivac  
  149  12:41  Orbital Command  
  149  13:00  Viking x3, Marine, Siege Tank  
  149  13:04  Supply Depot  
  159  13:38  Marine x5  
  159  13:39  Marine x2  
  166  13:56  Marine x7  
  173  14:03  Command Center  
  173  14:14  Marine x2  
Show
View Real Time Build Order
Export as new Build Order

ARTist Terran 

Build Orders: Liberator Opening 

Get SALT Encoding   

  12  0:01  SCV  
  13  0:13  SCV  
  14  0:19  Supply Depot  
  14  0:25  SCV  
  15  0:35  Refinery  
  15  0:41  SCV  
  16  0:47  Barracks  
  16  0:53  SCV  
  17  1:05  SCV  
  18  1:17  SCV  
  19  1:19  Refinery  
  19  1:29  SCV  
  20  1:35  Supply Depot  
  20  1:37  Marine  
  21  1:55  Marine  
  21  1:56  Factory  
  21  1:58  SCV  
  23  2:10  SCV  
  23  2:13  Marine  
  25  2:30  Command Center  
  25  2:31  Marine  
  25  2:35  SCV  
  27  2:49  Marine  
  28  2:59  Factory Tech Lab  
  28  3:07  Starport, Marine  
  28  3:09  SCV  
  30  3:13  Engineering Bay  
  30  3:24  Marine  
  31  3:32  Supply Depot  
  31  3:41  Siege Tank, SCV  
  31  3:42  Marine  
  31  3:45  Liberator, Missile Turret  
  36  3:53  SCV  
  37  3:57  Supply Depot  
  40  4:05  SCV  
  41  4:24  Siege Tank  
  41  4:28  Liberator  
  44  4:33  Missile Turret  
  44  4:41  SCV  
  48  4:53  SCV  
  48  4:54  Missile Turret  
  48  4:57  Siege Tank  
  52  5:03  Orbital Command  
  52  5:05  SCV  
  52  5:06  Supply Depot  
  53  5:17  SCV  
  54  5:29  SCV  
  54  5:34  Missile Turret  
  54  6:27  Marine  
  54  6:29  Starport Tech Lab  
  55  6:44  Marine  
  53  7:01  SCV  
  53  7:02  Marine  
  52  7:14  SCV, Command Center  
  53  7:18  Armory  
  53  7:19  Supply Depot  
  53  7:20  Marine, Command Center  
  53  7:21  Viking  
  56  7:23  Fusion Core  
  56  7:24  Siege Tank  
  56  7:26  SCV  
  60  7:30  Refinery x2  
  60  7:38  Marine, SCV  
  60  7:43  Command Center  
  62  7:47  Supply Depot  
  62  7:50  SCV  
  63  7:51  Viking  
  63  7:56  Marine, Siege Tank  
  69  8:04  SCV  
  70  8:14  Marine  
  70  8:16  SCV  
  72  8:21  Viking  
  74  8:27  Supply Depot  
  74  8:28  Starport, SCV  
  74  8:31  Marine  
  76  8:40  SCV  
  77  8:47  Supply Depot  
  77  8:52  Battlecruiser, SCV  
  84  8:56  Missile Turret  
  84  9:16  Supply Depot, SCV  
  85  9:18  SCV  
  85  9:23  Missile Turret  
  86  9:27  Starport Tech Lab  
  86  9:28  SCV  
  86  9:30  SCV  
  88  9:34  Armory  
  88  9:35  Supply Depot  
  88  9:36  Terran Ship Weapons Level 1  
  88  9:40  SCV  
  88  9:42  SCV  
  88  9:43  Missile Turret  
  91  9:52  SCV  
  91  9:54  SCV  
  91  9:55  Refinery  
  91  9:56  Battlecruiser  
  91  9:58  Refinery  
  98  10:01  Refinery  
  98  10:05  SCV  
  98  10:07  SCV  
  100  10:13  SCV  
  101  10:17  SCV  
  101  10:18  Missile Turret  
  101  10:19  SCV  
  103  10:25  Sensor Tower, Planetary Fortress  
  103  10:29  SCV  
  103  10:30  SCV  
  103  10:31  SCV  
  103  10:33  Battlecruiser  
  112  10:39  Starport  
  112  10:42  SCV  
  113  10:44  Starport  
  113  10:45  Supply Depot  
  113  10:54  SCV  
  114  11:00  Battlecruiser, SCV  
  121  11:07  Supply Depot, SCV  
  121  11:10  SCV  
  123  11:12  SCV  
  123  11:14  Refinery x2  
  113  11:19  SCV  
  113  11:22  SCV  
  113  11:24  SCV  
  99  11:29  Supply Depot  
  77  11:34  SCV  
  77  11:36  SCV  
  74  11:47  SCV  
  72  11:48  SCV  
  72  11:53  Supply Depot  
  55  11:59  SCV  
  56  12:05  Barracks  
  56  12:06  Barracks  
  56  12:07  SCV  
  56  12:08  Barracks  
  57  12:09  Barracks  
  57  12:10  Barracks  
  57  12:14  SCV  
  58  12:19  SCV  
  58  12:20  Command Center  
  59  12:26  SCV  
  54  12:31  SCV  
  54  12:34  SCV  
  56  12:38  SCV  
  56  12:40  Command Center  
  56  12:41  SCV  
  56  12:43  SCV  
  59  12:46  SCV  
  59  12:47  Liberator  
  59  12:50  SCV  
  60  12:53  SCV  
  60  12:55  SCV  
  62  12:58  SCV  
  62  13:02  SCV  
  68  13:05  SCV  
  68  13:11  SCV  
  69  13:16  Marine x3  
  69  13:17  Marine x2, SCV  
  74  13:23  SCV  
  73  13:28  Barracks  
  73  13:29  SCV  
  73  13:30  Liberator  
  69  13:34  Marine x5  
  77  13:52  Marine x5  
  79  14:09  Marine  
  77  14:10  Marine x4  
  77  14:11  SCV  
  83  14:22  Command Center  
  81  14:27  SCV  
  81  14:29  Supply Depot x2, Command Center  
  75  14:33  Supply Depot  
Tags
 
Add a new tag
Caveats
  • Supply blocks, unpowered buildings, or Contaminate may cause inaccurate times.
  • Supply counts are checked every 10 seconds.